 Dungeon Crawl Stone Soup version 0.23.0 (webtiles) character file.

Game seed: 11431578086460967246

1899 Lavandula the Basher (level 9, -1/48 HPs)
             Began as a Gargoyle Gladiator on Feb 12, 2019.
             Was a Follower of Ru.
             Slain by an orc warrior
             ... wielding a +0 hand axe
              (12 damage)
             ... on level 9 of the Dungeon.
             The game lasted 00:12:45 (4139 turns).

Lavandula the Basher (Gargoyle Gladiator)           Turns: 4139, Time: 00:12:46

Health: -1/48      AC: 19    Str: 19    XL:     9   Next: 15%
Magic:  9/9        EV: 15    Int: 11    God:    Ru [*.....]
Gold:   429        SH:  0    Dex: 11    Spells: 8/8 levels left

rFire    . . .     SeeInvis .   x - +4 mace (holy)
rCold    + . .     Gourm    .   (no shield)
rNeg     + . .     Faith    .   q - +2 ring mail {rC+}
rPois    ∞         Spirit   .   r - +0 helmet
rElec    +         Reflect  .   h - +0 cloak
rCorr    .         Harm     .   (no gloves)
MR       .....                  s - +0 pair of boots
Stlth    +.........             (no amulet)
HPRegen  0.16/turn              a - +4 ring of evasion (curse)
MPRegen  0.11/turn              J - +3 ring of protection

@: no potions
A: negative energy resistance 1, electricity resistance, unbreathing,
petrification resistance, rot immunity, inability to drink while threatened, AC
+6
a: Renounce Religion


You were on level 9 of the Dungeon.
You worshipped Ru.
Ru was aware of your devotion.
You were not hungry.

You visited 2 branches of the dungeon, and saw 12 of its levels.

You collected 429 gold pieces.

Inventory:

Hand Weapons
 c - a +3 flail
 n - a +0 flail of protection
 p - a +0 morningstar
 x - a +4 mace of holy wrath (weapon)
Missiles
 d - 5 throwing nets (quivered)
 k - 11 tomahawks
 C - 4 silver tomahawks
Armour
 h - a +0 cloak (worn)
 o - a +0 scale mail
 q - a +2 ring mail of cold resistance (worn)
 r - a +0 helmet (worn)
 s - a +0 pair of boots (worn)
Jewellery
 a - a cursed +4 ring of evasion (left hand)
 I - a +3 ring of evasion
 J - a +3 ring of protection (right hand)
 L - an uncursed ring of protection from cold
Wands
 A - a wand of enslavement (6)
 D - a wand of flame (16)
 G - a wand of iceblast (5)
Scrolls
 b - a scroll of amnesia
 g - a scroll of magic mapping
 j - 2 scrolls of immolation
 l - 3 scrolls of teleportation
 m - a scroll of noise {unknown}
 t - 4 scrolls of remove curse {unknown}
 v - 5 scrolls of blinking {unknown}
 y - 2 scrolls of enchant weapon {unknown}
 B - a scroll of fear
 H - a scroll of random uselessness {unknown}
Potions
 e - a potion of agility
 i - 2 potions of brilliance
 u - a potion of curing {unknown}
 w - 2 potions of flight
 z - a potion of might {unknown}
 E - a potion of degeneration {unknown}
 F - 2 potions of lignification
Comestibles
 f - 13 rations
 K - a chunk of flesh


   Skills:
 - Level 2.1 Fighting
 + Level 11.8 Maces & Flails
 - Level 1.7 Throwing
 - Level 2.4 Dodging


You had 8 spell levels left.
You didn't know any spells.
Your spell library contained the following spells:

 Spells                   Type           Power        Failure   Level  Hunger
 Confusing Touch          Hex            #.....       52%         1    ##.....
 Flame Tongue             Conj/Fire      #....        52%         1    ##.....
 Throw Flame              Conj/Fire      #.....       67%         2    ###....
 Confuse                  Hex            #.......     88%         3    ####...
 Conjure Flame            Conj/Fire      #.......     88%         3    ####...
 Gell's Gravitas          Tloc           #.........   88%         3    ####...
 Inner Flame              Hex/Fire       #.......     88%         3    ####...
 Petrify                  Tmut/Erth      #.......     99%         4    #####..
 Sticky Flame             Conj/Fire      #.......     99%         4    #####..
 Fireball                 Conj/Fire      #.........   100%        5    ######.
 Metabolic Englaciation   Hex/Ice        #.........   100%        5    ######.
 Yara's Violent Unravell  Hex/Tmut       #.........   100%        5    ######.


Dungeon Overview and Level Annotations

Branches:
Dungeon (11/15)            Temple (1/1) D:5
   Lair: D:8-11         Orc: D:9-12

Altars:
Cheibriados
Fedhas
Gozag
Hepliaklqana
Kikubaaqudgha
Nemelex Xobeh
Qazlal
Ru
Sif Muna
Trog
Uskayaw
Vehumet
Xom
Yredelemnul
Zin
The Shining One


Innate Abilities, Weirdness & Mutations

You are resistant to torment.
Your stone body is resilient. (AC +6)
You are immune to poison.
You resist negative energy. (rN+)
You are resistant to electric shocks. (rElec)
You can survive without breathing.
You are immune to petrification.
You are immune to rotting.
You cannot drink potions while threatened.


Message History

The orc priest is almost dead.
The orc priest invokes the aid of Beogh against you.
Beogh smites you!
You feel threatened and lose the ability to drink potions!
You hear a bark! x2
You closely miss the orc priest.
The orc priest is almost dead.
You hear a bark! x2
The orc warrior barely misses you.
Unknown command.
Okay, then.
The orc priest calls down the wrath of Beogh upon you.
Beogh smites you!
* * * LOW HITPOINT WARNING * * *
The orc priest miscasts a cantrip.
You cannot drink potions in your current state!
The orc priest begins to cast a cantrip, but forgets the words!
You open the door.
The orc warrior hits you with a +0 hand axe!
You die...

..# ..# ..#####
....... ..... ...
.. #####'#
#.#####..o@.#
#.#.........#
+.#....o{..##
#.#........#
.######.#........#
........#'########
#................
#................
#.......>........


You could see an orc warrior and an orc priest.

Vanquished Creatures
  Grinder (D:5)
  Eustachio (D:4)
  An orc warrior (D:7)
  2 black bears
  A hornet zombie (D:11)
  A necrophage (D:10)
  An ice beast (D:6)
  A centaur (D:8)
  A bullfrog (D:6)
  2 howler monkeys
  A crimson imp (D:8)
  A hound (D:8)
  2 bullfrog zombies (D:6)
  A jelly (D:6)
  2 orc priests (D:7)
  4 orc wizards
  An iguana (D:7)
  2 worker ants
  Natasha (thrice) (D:2)
  A howler monkey zombie (D:5)
  6 gnolls
  A howler monkey skeleton (D:6)
  11 adders
  A shadow imp (D:6)
  A worm (D:2)
  2 dart slugs
  6 leopard geckos
  29 orcs
  5 bats
  4 giant cockroaches
  6 goblins
  7 hobgoblins
  13 jackals
  5 quokkas
  2 frilled lizards (D:2)
  9 kobolds
  A leopard gecko skeleton (D:4)
  5 rats
144 creatures vanquished.

Vanquished Creatures (others)
  A plant (D:11)
1 creature vanquished.

Grand Total: 145 creatures vanquished

Notes
Turn   | Place    | Note
-------+----------+-------------------------------------------
     0 | D:1      | Lavandula the Gargoyle Gladiator began the quest for the
                  | Orb.
     0 | D:1      | Reached XP level 1. HP: 12/12 MP: 1/1
    91 | D:2      | Reached XP level 2. HP: 15/17 MP: 2/2
   139 | D:3      | Reached skill level 4 in Maces & Flails
   139 | D:3      | Reached XP level 3. HP: 7/21 MP: 3/3
   388 | D:2      | Noticed Natasha
   399 | D:2      | Killed Natasha
   399 | D:2      | Reached skill level 5 in Maces & Flails
   399 | D:2      | Reached XP level 4. HP: 2/26 MP: 4/4
   433 | D:2      | Noticed Natasha
   742 | D:2      | Killed Natasha
   835 | D:2      | Noticed Natasha
   836 | D:2      | Found a hazy altar of Hepliaklqana.
   907 | D:3      | Reached XP level 5. HP: 21/30 MP: 5/5
   982 | D:2      | Killed Natasha
  1443 | D:3      | Reached skill level 6 in Maces & Flails
  1608 | D:3      | Reached XP level 6. HP: 29/35 MP: 6/6
  1908 | D:4      | Noticed Eustachio
  2222 | D:4      | Killed Eustachio
  2222 | D:4      | Reached skill level 7 in Maces & Flails
  2356 | D:5      | Entered Level 5 of the Dungeon
  2389 | D:5      | Found a staircase to the Ecumenical Temple.
  2399 | Temple   | Entered the Ecumenical Temple
  2445 | Temple   | Became a worshipper of Ru the Awakened
  2512 | D:5      | Found a bloodstained altar of Trog.
  2655 | D:5      | Reached XP level 7. HP: 37/40 MP: 7/7
  2661 | D:5      | Noticed Grinder
  2674 | D:5      | Killed Grinder
  2674 | D:5      | Reached skill level 8 in Maces & Flails
  2937 | D:5      | Reached skill level 9 in Maces & Flails
  3311 | D:6      | Reached XP level 8. HP: 40/44 MP: 8/8
  3380 | D:6      | Reached skill level 10 in Maces & Flails
  3384 | D:6      | Gained mutation: You cannot drink potions while threatened.
                  | [Ru sacrifice]
  3384 | D:6      | Reached * piety under Ru
  3795 | D:7      | Reached skill level 11 in Maces & Flails
  4002 | D:8      | Reached XP level 9. HP: 45/48 MP: 9/9
  4028 | D:8      | You fall through a shaft for 2 floors!
  4028 | D:10     | Entered Level 10 of the Dungeon
  4139 | D:9      | Slain by an orc warrior

Skill      XL: |  1  2  3  4  5  6  7  8 |
---------------+-------------------------+-----
Maces & Flails | 4 5 6 7 9 11 | 11.8
Fighting       | |  2.1
Throwing       | |  1.7
Dodging        | |  2.4

Action                   |  1- 3 |  4- 6 |  7- 9 || total
-------------------------+-------+-------+-------++-------
Melee: Flail             |    79 |   249 |       ||   328
       Mace              |       |     5 |   247 ||   252
Throw: Throwing net      |       |       |     1 ||     1
Invok: Sacrifice Drink   |       |       |     1 ||     1
  Use: Scroll            |       |     2 |     7 ||     9
       Potion            |       |     2 |       ||     2
  Eat: Chunk             |       |     5 |     6 ||    11
Armor: Leather armour    |    44 |    52 |       ||    96
       Scale mail        |       |    12 |       ||    12
       Ring mail         |       |    87 |    84 ||   171
Dodge: Dodged            |    66 |   222 |   160 ||   448
